 Dungeon Crawl Stone Soup version 0.31-a0-1082-g7d1fb776a8 (webtiles) character file.

Game seed: 3777512224649206464

328 Flugslaktarn the Changeling (level 6, 0/42 HPs)
             Began as an Octopode Shapeshifter on Nov 28, 2023.
             Slain by a goblin
             ... wielding a +0 dagger
             ... led by Robin
              (4 damage)
             ... on level 3 of the Dungeon.
             The game lasted 00:01:07 (2061 turns).

Flugslaktarn the Changeling (Octopode Shapeshifter) Turns: 2061, Time: 00:01:08

Health: 0/42       AC:  1    Str: 14    XL:     6   Next: 50%
Magic:  6/6        EV: 13    Int: 12    God:
Gold:   159        SH:  5    Dex: 13    Spells: 5/5 levels left

rFire   . .          .
                       - Unarmed
rCold   . . .        (no shield)
rNeg    . . .        (helmet currently unavailable)
rPois   .            i - amulet of reflection
rElec   .            (no ring)
rCorr   .            (no ring)
SInv    .            (no ring)
Will    .....        (no ring)
Stlth   ++           (no ring)
HPRegen 0.27/turn    (no ring)
MPRegen 0.10/turn    (no ring)
                     (no ring)

%: reflection
@: beast-form
A: beast (slay +2), almost no armour, amphibious, 8 rings, camouflage 1,
gelatinous body 1, (nimble swimmer 1), tentacles
a: Begin Untransformation


You were on level 3 of the Dungeon.
You were a hulking beast.
You visited 1 branch of the dungeon, and saw 3 of its levels.

You collected 159 gold pieces.

Inventory:

Jewellery
 i - an amulet of reflection (around mantle)
   (You found it on level 2 of the Dungeon)
Talismans
 b - a beast talisman
 c - a flux talisman
Wands
 o - a wand of quicksilver (6)
   (You took it off Ijyb on level 3 of the Dungeon)
Scrolls
 d - a scroll of vulnerability
 g - a scroll of silence {unknown}
 h - a scroll of poison
 r - a scroll of identify
Potions
 a - a potion of lignification
 e - 2 potions of invisibility
 k - a potion of attraction {unknown}
 l - a potion of might {unknown}
 m - 2 potions of curing {unknown}
 n - a potion of berserk rage {unknown}


   Skills:
 + Level 3.2 Fighting
 - Level 2.0 Dodging
 + Level 4.3 Unarmed Combat
 * Level 5.1 Shapeshifting


You had 5 spell levels left.
You didn't know any spells.
Your spell library was empty.

Dungeon Overview and Level Annotations

Branches:
Dungeon (3/15)

Altars:
Cheibriados
Uskayaw
Yredelemnul

Shops:
D:2 (

Annotations:
D:3 Robin


Innate Abilities, Weirdness & Mutations

You are a hulking beast.
Your limbs bulge with bestial killing power. (Slay +2)
You cannot wear most types of armour.
You are amphibious.
You can wear up to eight rings at the same time.
Your skin changes colour to match your surroundings (Stealth+).
Your rubbery body absorbs attacks. (AC +1, EV +1)
((You are camouflaged when in or above water. (Stealth+)))
You have tentacles for arms and can constrict up to eight enemies at once.


Message History

You flicker back into view.
Unknown command.
You start resting.
An orc is nearby!
An orc is nearby!
The orc shouts!
You hear a shout!
You closely miss the orc. You grab the orc. You squeeze the orc!
You kill the orc!
You see here a +0 mace.
You barely miss the orc wizard. Your grab misses the orc wizard.
Your squeeze misses the orc wizard. The orc closely misses you.
The orc wizard misses you.
You tentacle-slap the orc wizard. Your grab misses the orc wizard.
The orc wizard is moderately wounded.
The orc hits you with a +0 club. The orc misses you.
The orc wizard hits you with a +0 dagger.
You barely miss the orc wizard. You grab the orc wizard.
The orc wizard is moderately wounded.
You constrict the orc wizard. The orc closely misses you.
You block the orc's attack. The orc wizard barely misses you.
You tentacle-slap the orc wizard.
The orc wizard is almost dead.
You constrict the orc wizard.
You kill the orc wizard!
The orc closely misses you. The orc hits you but does no damage.
You tentacle-slap the orc. You grab the orc. You tentacle-slap the orc.
The orc is almost dead.
You constrict the orc.
You kill the orc!
The orc hits you with a +0 club. The orc hits you but does no damage.
You see here a +0 short sword.
You tentacle-slap the orc but do no damage.
Your grab misses the orc. The orc closely misses you.
You tentacle-slap the orc. You grab the orc.
The orc is heavily wounded.
You constrict the orc, but do no damage.
The orc barely misses you.
You bludgeon the orc!
You kill the orc!
Things that are here:
a +0 club; a +0 leather armour You start resting.
HP restored. 4 goblins come into view.
A goblin comes into view. It is wielding a +0 dagger.
The goblin moves out of view.
There are monsters nearby!
There are monsters nearby!
There are monsters nearby!
A hobgoblin and a goblin come into view.
The hobgoblin shouts!
You hear a shout!
The goblin shouts! x3
A goblin comes into view. It is wielding a +0 club.
Robin of the Strong Arm comes into view.
They are wielding a +0 club.
A goblin comes into view. It is wielding a +0 dagger.
The goblin shouts! x2; You hear a shout! x2
There is an open door here. 3 goblins come into view.
The goblin shouts! x3
The goblin hits you with a +0 dagger.
The goblin moves out of view. x2
The goblin shouts!
You hear an angry hiss.
You bludgeon the goblin!
You kill the goblin!
Robin roars a battlecry!
The goblins go into a battle-frenzy!
The goblin hits you with a +0 club.
You closely miss the goblin. You grab the goblin. You squeeze the goblin.
You kill the goblin!
The goblin hits you with a +0 dagger. The goblin barely misses you.
You closely miss the goblin. Your grab misses the goblin.
Robin throws the goblin at you!
The goblin hits you with a +0 dagger. x2
The goblin hits you but does no damage. The goblin hits you with a +0 dagger.
You miss the goblin. Your grab misses the goblin.
Your squeeze misses the goblin.
The goblin hits you with a +0 dagger. x2
* * * LOW HITPOINT WARNING * * *
Robin roars a battlecry!
The goblin goes into a battle-frenzy!
The goblin closely misses you. The goblin hits you with a +0 club.
* * * LOW HITPOINT WARNING * * *
You are too injured to fight recklessly!
Unknown command.
You bludgeon the goblin!
You kill the goblin!
The goblin hits you with a +0 dagger.
* * * LOW HITPOINT WARNING * * *
The goblin hits you but does no damage. The goblin barely misses you.
The air fills with toxic fumes!
As you read the scroll labelled ZIKLIZ VOMUST, it crumbles to dust.
It was a scroll of poison.
The goblin closely misses you. x3
Unknown command.
As you read the scroll labelled SIT VEASERABB, it crumbles to dust.
It is a scroll of identify.
d - a scroll of vulnerability;
r - a scroll of identify The goblin hits you with a +0 dagger.
* * * LOW HITPOINT WARNING * * *
The goblin misses you. You block the goblin's attack.
Unknown command.
As you read the scroll labelled MAALOX RUNU, it dissolves into smoke.
It was a scroll of fog.
The goblin hits you with a +0 dagger.
You die...

#.##.............
##§############### ##§§§§#
##§§§#§#######
##§§§§§§.§§§..#
.#####§§§§§§.§§§§..# #
..§§§§§§§g§.§§§§§..# ####
##§§§ggg#§§§§§§..# #...
§l§§gggh§§§§§§§..# ##.##
######§§gg###§§§§§§..###..#
....§§§§g.# #.§§§§§...##.##
#.#.#§#§..# #..§§§§....#.#
....§§§.).# #...§§§....#.#
#.#.#§#....##....§§....#.#
...........##.....§....#.#
#.#.#.#....##......#####.#
......%....#####...#.....#


You could see a hobgoblin (strong) and 6 goblins.

Vanquished Creatures
  Sigmund (D:2)
  Ijyb (D:3)
  Natasha (D:3)
  An orc wizard (D:3)
  2 adders
  2 worms
  A dart slug (D:2)
  9 orcs (D:3)
  3 endoplasms
  A giant cockroach (D:2)
  5 goblins
  5 hobgoblins
  4 jackals (D:3)
  A quokka (D:1)
  6 ball pythons (D:1)
  2 bats
  2 frilled lizards
  3 kobolds
  A rat (D:2)
51 creatures vanquished.

Notes
Turn   | Place    | Note
-------+----------+-------------------------------------------
     0 | D:1      | Flugslaktarn the Octopode Shapeshifter began the quest for
                  | the Orb.
     0 | D:1      | Reached XP level 1. HP: 13/13 MP: 1/1
   258 | D:1      | Reached XP level 2. HP: 18/18 MP: 2/2
   315 | D:1      | You fall into a shaft and drop 1 floor!
   556 | D:1      | Reached XP level 3. HP: 23/23 MP: 3/3
   780 | D:2      | Found a hide-covered altar of Uskayaw.
   825 | D:2      | Found Bifoygy's Weapon Shoppe.
  1007 | D:2      | Noticed Sigmund
  1015 | D:2      | Killed Sigmund
  1016 | D:2      | Reached skill level 4 in Shapeshifting
  1016 | D:2      | Reached XP level 4. HP: 18/30 MP: 4/4
  1016 | D:2      | Reached XP level 5. HP: 21/35 MP: 5/5
  1384 | D:3      | Reached XP level 6. HP: 41/41 MP: 6/6
  1493 | D:3      | Found a snail-covered altar of Cheibriados.
  1534 | D:3      | Found a basalt altar of Yredelemnul.
  1629 | D:3      | Noticed Natasha
  1633 | D:3      | Killed Natasha
  1834 | D:3      | Noticed Ijyb
  1840 | D:3      | Killed Ijyb
  1841 | D:3      | Reached skill level 5 in Shapeshifting
  2052 | D:3      | Noticed Robin
  2061 | D:3      | Slain by a goblin

Illustrated notes

Levels and vault maps discovered:
D:1:      spicycebolla_arrival_ecumenical, layout_loops_ring
D:2:      layout_loops_ring, serial_shops, shop, basic_altar, uniq_sigmund
D:3:      layout_basic, mainiacjoe_overflow_divided_tiny,
          mainiacjoe_overflow_catwalk, nicolae_overflow_ecumenical_swirl,
          nicolae_gozag_cash_rules_everything_around_me,
          serial_co_window_serial, co_window_paths_b, co_window_cross_1,
          co_window_corner_a, co_window_corner_a, co_window_of_opportunity_a,
          co_window_broadway_b, co_window_paths_c, co_window_of_opportunity_b,
          co_window_broadway_a, co_window_unsneaky_path_c, co_window_4corner_a,
          glass_columns_a, glass_columns_c, glass_columns_c, uniq_natasha,
          uniq_ijyb, uniq_robin

Skill      XL: |  1  2  3  4  5  6 |
---------------+-------------------+-----
Fighting       | 2 3 |  3.2
Unarmed Combat | 4 |  4.3
Shapeshifting  | 4 5 |  5.1
Dodging        | |  2.0

Action                     |  1- 3 |  4- 6 || total
---------------------------+-------+-------++-------
  Melee: Unarmed           |    36 |    55 ||    91
         Constrict         |     9 |    17 ||    26
         Punch             |     2 |     3 ||     5
         Tentacles         |     4 |    13 ||    17
    Use: Scroll            |       |     3 ||     3
         Potion            |       |     1 ||     1
   Stab: Sleeping          |    12 |     3 ||    15
         Distracted        |       |     1 ||     1
 Armour: Skin              |     6 |    39 ||    45
  Dodge: Dodged            |    12 |    30 ||    42
  Block: Other             |     2 |    13 ||    15
         Reflection        |     1 |     2 ||     3

Table legend: (Time is in decaauts)
 A = Elapsed time spent in this place.
 B = Non-inter-level travel time spent in this place.
 C = Inter-level travel time spent in this place.
 D = Time resting spent in this place.
 E = Time spent auto-exploring this place.
 F = Levels seen in this place.
 G = Mean time per level.
                   A        B        C        D        E       F      G
               +--------+--------+--------+--------+--------+-----+--------+
         Total |   2055 |   1991 |     64 |    149 |   1497 |   3 |  685.0 |
       Dungeon |   2055 |   1991 |     64 |    149 |   1497 |   3 |  685.0 |
               +--------+--------+--------+--------+--------+-----+--------+

Top non-repeatable levels by time:
     D:2: 764 daAuts
     D:3: 756 daAuts
     D:1: 534 daAuts
